Cogmind - Beta 16.1 @@@ ROGUE MODE // 2026.03.04 @ 15:55:09 Player: shockman27 Result: Destroyed by S-10 Pest with Light Assault Rifle Performance ------------- Evolutions (0) 0 Regions Visited (4) 800 Robots Destroyed (24) 120 Value Destroyed (425) 425 Prototype IDs (23) 460 Alien Tech Used (0) 0 Bonus (288) 288 TOTAL SCORE: 2093 Bonus ------- Aligned with FarCom 300 Friendly Fire -12 Cogmind --------- Core Integrity 0/250 Matter 122/300 Energy 250/250 System Corruption 13% Temperature Cool (0) Movement Treading (240) Ox1 Location -9/Mines Parts ------- > --- POWER (1) -------- Ion Engine > --- PROPULSION (2) --- Light Treads Light Treads > --- UTILITY (2) ------ High-capacity Storage Unit Propulsion Shielding > --- WEAPON (2) ------- EM Shotgun Mini Grenade Launcher > --- INVENTORY (20) --- Light Nuclear Core Wheel High-capacity Matter Pod (143) Seismic Detector Hacking Suite Skeleton Box YOLO Cannon Assault Rifle EMP Blaster Datajack Field Lobotomy Kit (5) Plasma Cutter Mace Peak State ------------ > --- POWER ------------ Ion Engine > --- PROPULSION ------- Light Treads Light Treads > --- UTILITY ---------- High-capacity Storage Unit Propulsion Shielding > --- WEAPON ----------- EM Shotgun Mini Grenade Launcher > --- INVENTORY -------- Light Nuclear Core Wheel High-capacity Matter Pod Seismic Detector Hacking Suite Skeleton Box YOLO Cannon Assault Rifle EMP Blaster Datajack Field Lobotomy Kit Plasma Cutter Mace [Rating: 14] Favorites ----------- Power Ion Engine Engine Ion Engine Propulsion Light Treads Treads Light Treads Leg Aluminum Leg Wheel Wheel Utility Large Storage Unit Device Seismic Detector Storage Large Storage Unit Protection Propulsion Shielding Weapon Assault Rifle Energy Gun EM Shotgun Ballistic Gun Assault Rifle Ballistic Cannon Light Cannon Launcher Mini Grenade Launcher Impact Weapon Mace Special Melee Weapon Datajack Build | -11 -10 -10 -10 -9 ------- Run | Yrd Mat Min Exi Min Slots Evolved . | . . . . . Power . | . . . . . Propulsion . | . . . . . Utility . | . . . . . Weapon . | . . . . . Parts Attached 28 | 7 17 2 2 . Power 2 | 1 1 . . . Engine 2 | 1 1 . . . Core . | . . . . . Reactor . | . . . . . Propulsion 7 | 2 4 1 . . Treads 4 | 2 1 1 . . Leg 2 | . 2 . . . Wheel 1 | . 1 . . . Hover . | . . . . . Flight . | . . . . . Utility 8 | 2 4 1 1 . Device 4 | 1 2 1 . . Storage 3 | 1 1 . 1 . Processor . | . . . . . Hackware . | . . . . . Protection 1 | . 1 . . . Artifact . | . . . . . Weapon 11 | 2 8 . 1 . Energy Gun 3 | . 3 . . . Energy Cannon . | . . . . . Ballistic Gun 2 | 2 . . . . Ballistic Cannon 1 | . 1 . . . Launcher 2 | . 2 . . . Special Weapon . | . . . . . Impact Weapon 2 | . 2 . . . Slashing Weapon . | . . . . . Piercing Weapon . | . . . . . Special Melee Weapon 1 | . . . 1 . Unidentified Prototypes . | . . . . . Corrupted Parts 2 | . 1 1 . . System Corruption 13 | . 8 5 . . Parts Lost 5 | . 3 2 . . Power 1 | . 1 . . . Propulsion 2 | . 1 1 . . Utility 2 | . 1 1 . . Weapon . | . . . . . Highest Loss Streak 2 | . 2 1 . . To Critical Strikes . | . . . . . Average Backups 13 | 3 13 14 14 13 Power . | . 1 1 1 1 Propulsion 1 | 1 1 1 1 1 Utility 2 | . 2 2 3 3 Weapon 5 | 1 6 7 6 4 Tool/Special . | . . . . . Unused Backups 16 | 1 6 . 1 8 Power 2 | . 1 . . 1 Propulsion 2 | . 2 . . . Utility 3 | . 1 . . 2 Weapon 6 | 1 2 . 1 2 Tool/Special 3 | . . . . 3 Average Slot Usage (%) 96 | . 96 100 85 100 Engine 13 | . 13 14 14 14 Treads 26 | . 23 28 28 28 Device 8 | . 8 12 13 . Storage 14 | . 14 14 14 14 Protection 5 | . 5 1 . 14 Energy Gun 10 | . 11 12 . 14 Ballistic Gun 8 | . 5 14 . 14 Ballistic Cannon 1 | . 2 . . . Impact Weapon 3 | . 7 . . . Special Melee Weapon 2 | . . . 13 . Peak Build Rating 14 | 7 11 10 13 14 Average Rating 10 | 5 9 9 10 13 On Entrance 7 | . 7 9 9 13 Avg Prop Armor Cover (%) 11 | . 11 . . . Naked Turns . | . . . . . Heaviest Build 51 | 14 31 30 51 51 Greatest Support 40 | 40 40 40 40 40 Greatest Overweight (x) 3 | 2 3 . 1 1 Average Overweight (x) . | . . . . 1 Largest Inventory Capacity 20 | 8 15 15 20 20 Average Capacity 15 | 7 14 15 17 20 Most Carried 15 | 6 15 15 15 14 Average Carried 13 | 3 13 14 14 14 Final Capacity 20 | 8 15 15 20 20 Final Carried 15 | 5 15 14 14 14 Class Distribution -------------------- 84% | Mutant 15% | Scavenger-Mutant Dominant Class ---------------- Mutant | -10/Materials Mutant | -10/Mines Scavenger-Mutant | -10/Exiles Mutant | -9/Mines Resources | -11 -10 -10 -10 -9 ----------- Run | Yrd Mat Min Exi Min Matter Collected 907 | 269 362 164 . 112 Remotely . | . . . . . Salvage Created 705 | 90 579 36 . . Parts 25 | 5 20 . . . Haulers Intercepted 2 | . 2 . . . Recyclers Shooed 1 | . 1 . . . Parts Field Recycled . | . . . . . Retrieved Matter . | . . . . . Parts Self-Destructed . | . . . . . Prevented . | . . . . . Parts Restored . | . . . . . Kills | -11 -10 -10 -10 -9 ------- Run | Yrd Mat Min Exi Min Combat Hostiles Destroyed 20 | . 10 10 . . Melee 3 | . 3 . . . Guns 2 | . 1 1 . . Cannons 1 | . 1 . . . AOE 12 | . 3 9 . . Classes Destroyed 10 | 2 7 1 . . Worker 4 | . 4 . . . Builder 1 | . 1 . . . Tunneler 2 | 2 . . . . Hauler 2 | . 2 . . . Recycler 2 | 1 1 . . . Operator 2 | . 2 . . . Watcher 1 | . 1 . . . Swarmer 2 | . 2 . . . Grunt 8 | . 8 . . . Assembled 10 | . . 10 . . Best Kill Streak 9 | 3 5 9 . . Combat Bots Only 9 | . 3 9 . . Max Kills in Single Turn 3 | 1 3 3 . . Gunslinging . | . . . . . Exploded 3 | . 2 3 . . Melee 1 | . 1 . . . Uniques/NPCs Destroyed . | . . . . . Combat | -11 -10 -10 -10 -9 -------- Run | Yrd Mat Min Exi Min Hostile Shots Fired 109 | . 71 30 . 8 Missed 29 | . 17 11 . 1 Hits 80 | . 54 19 . 7 Melee 4 | . . 4 . . Projectile 76 | . 54 15 . 7 Critical Strikes 1 | . . 1 . . Damage Taken 1015 | . 541 415 . 59 Core 250 | . 118 115 . 17 Absorbed by Shields . | . . . . . Redirected to Shielding 12 | . 8 . . 4 Core Remaining (%) 100 | 100 . . . . Volleys Fired 67 | 10 36 21 . . Largest 2 | 2 2 2 . . Hottest 85 | 40 85 70 . . Shots Fired 111 | 20 58 33 . . Gun 90 | 20 52 18 . . Cannon 5 | . 5 . . . Launcher 16 | . 1 15 . . Special . | . . . . . Kinetic 50 | 20 23 7 . . Thermal 15 | . 4 11 . . Explosive 16 | . 1 15 . . Electromagnetic 30 | . 30 . . . Robot Hit Streak 10 | 7 10 10 . . Robot Miss Streak 6 | 1 6 3 . . Penetration Max . | . . . . . Secondary Targets . | . . . . . Shots Hit Robots 86 | 13 54 19 . . Core Hits 41 | 6 17 18 . . Critical Kills . | . . . . . Critical Parts Destroyed 4 | . 4 . . . Critical Strikes 4 | . 4 . . . Smash 4 | . 4 . . . Melee Attacks 45 | . 45 . . . Impact 45 | . 45 . . . Slashing . | . . . . . Piercing . | . . . . . Sneak Attacks 10 | . 10 . . . Combat Hostiles 1 | . 1 . . . Follow-up Attacks 1 | . 1 . . . Damage Inflicted 2711 | 153 1842 716 . . Guns 647 | 153 380 114 . . Cannons 50 | . 50 . . . Explosions 942 | . 340 602 . . Melee 1058 | . 1058 . . . Ramming 14 | . 14 . . . Kinetic 339 | 153 121 65 . . Thermal 214 | . 165 49 . . Explosive 803 | . 201 602 . . Electromagnetic 283 | . 283 . . . Impact 1058 | . 1058 . . . Slashing . | . . . . . Piercing . | . . . . . Highest Corruption 13 | . 8 13 13 13 Average Corruption 11 | . 8 9 13 13 Corruption Purged . | . . . . . Corruption Blocked . | . . . . . Effects 87 | . 8 26 19 34 Message Errors 22 | . 1 5 9 7 Matter Fused 25 | . 3 6 3 13 Heat Flow Errors 11 | . 1 5 . 5 Energy Discharges 8 | . . 1 2 5 Parts Rejected 1 | . 1 . . . Data Loss (minor) 10 | . 1 2 3 4 Data Loss (major) 5 | . 1 2 2 . Misfires 5 | . . 5 . . Overload Shots . | . . . . . Overflow Damage 403 | . 346 57 . . Projectiles . | . . . . . Explosions 62 | . 5 57 . . Melee 341 | . 341 . . . Knockbacks 5 | . 5 . . . Impact 4 | . 4 . . . Kinetic 1 | . 1 . . . Secondary . | . . . . . Self-Inflicted Damage 122 | . 43 79 . . Shots 5 | . 2 3 . . Rammed 1 | . 1 . . . Targets Rammed 1 | . 1 . . . Kicked . | . . . . . Crushed . | . . . . . Highest Temperature 284 | . 101 284 . 267 Average Temperature 64 | . 17 79 . 97 Received Heat Transfer 192 | . 165 27 . . Siege Activations . | . . . . . Martial Activations . | . . . . . Shielding Activations . | . . . . . Robots Disrupted . | . . . . . Combat Hostiles . | . . . . . Robots Corrupted 5 | . 5 . . . Combat Hostiles 2 | . 2 . . . Parts Fried 11 | . 11 . . . Impact Corruptions 14 | . 14 . . . Robots Melted . | . . . . . Combat Hostiles . | . . . . . Parts Melted . | . . . . . Heat Transferred 372 | . 224 148 . . Parts Sabotaged . | . . . . . Parts Stolen . | . . . . . Parts Stripped . | . . . . . Power Chain Reactions 2 | . 2 . . . Alert | -11 -10 -10 -10 -9 ------- Run | Yrd Mat Min Exi Min Maximum Alert Level . | . . . . . Low Security (%) 100 | 100 100 100 . 100 Level 1 . | . . . . . Level 2 . | . . . . . Level 3 . | . . . . . Level 4 . | . . . . . Level 5 . | . . . . . High Security . | . . . . . Max Security . | . . . . . Peak Influence 131 | 5 131 41 . . Initial 19 | . . 19 . . Average 13 | 1 26 4 . . Influence Increases 510 | 15 424 71 . . Destroy 0b10 Robot/C 200 | . 200 . . . Destroy 0b10 Robot/NC 70 | 15 55 . . . Destroy Leader 56 | . 56 . . . Successful Hack 6 | . 6 . . . Select Force Hacks 60 | . 60 . . . Disable Machine 30 | . 30 . . . Destroy Structure 88 | . 17 71 . . Influence Decreases 510 | 15 372 123 . . Entered New Map 33 | . . 33 . . Time Decay 445 | 15 352 78 . . Lost Part 32 | . 20 12 . . Squads Dispatched 4 | . 4 . . . Investigation 2 | . 2 . . . Extermination . | . . . . . Reinforcement 2 | . 2 . . . Assault . | . . . . . Garrison . | . . . . . Intercept . | . . . . . Searches Triggered . | . . . . . Construction Impeded . | . . . . . Haulers Reinforced . | . . . . . Active Scanning Responses . | . . . . . Cargo Convoy Interrupts . | . . . . . Stealth | -11 -10 -10 -10 -9 --------- Run | Yrd Mat Min Exi Min Distress Signals . | . . . . . Communications Jammed . | . . . . . Distress Signals . | . . . . . Times Spotted 38 | . 24 10 . 4 Peak Tracking Total 5 | . 5 3 . 4 Tactical Retreats . | . . . . . Traps | -11 -10 -10 -10 -9 ------- Run | Yrd Mat Min Exi Min Traps Triggered . | . . . . . Indirectly . | . . . . . Trap Hack Attempts . | . . . . . Triggered . | . . . . . Disarmed . | . . . . . Reprogrammed . | . . . . . Reused . | . . . . . Traps Extracted . | . . . . . Installed . | . . . . . Triggered . | . . . . . Machines | -11 -10 -10 -10 -9 ---------- Run | Yrd Mat Min Exi Min Machines Disabled 2 | . 2 . . . Max in Single Turn 1 | . 1 . . . Machines Repaired . | . . . . . Machines Dismantled . | . . . . . Machines Sabotaged . | . . . . . Overloaded Fab Kills . | . . . . . Hacking | -11 -10 -10 -10 -9 --------- Run | Yrd Mat Min Exi Min Machines Accessed 8 | . 6 . 2 . Terminals 4 | . 4 . . . Fabricators . | . . . . . Repair Stations . | . . . . . Recycling Units 2 | . 2 . . . Scanalyzers . | . . . . . Garrison Access . | . . . . . Total Hacks 16 | . 14 . 2 . Successful 10 | . 8 . 2 . Failed 6 | . 6 . . . Catastrophic . | . . . . . Database Lockouts . | . . . . . Manual 14 | . 13 . 1 . Terminals 10 | . 10 . . . Fabricators . | . . . . . Repair Stations . | . . . . . Recycling Units 4 | . 4 . . . Scanalyzers . | . . . . . Garrison Access . | . . . . . Terminal Hacks 5 | . 3 . 2 . Record 1 | . . . 1 . Robot Analysis 2 | . 2 . . . Alert Level 1 | . 1 . . . Proto ID Catalog 1 | . . . 1 . Fabricator Hacks . | . . . . . Repair Station Hacks . | . . . . . Recycling Unit Hacks 1 | . 1 . . . Retrieve Matter 1 | . 1 . . . Scanalyzer . | . . . . . Garrison Access Hacks . | . . . . . Unauthorized Hacks 4 | . 4 . . . Terminals 2 | . 2 . . . Botnet 2 | . 2 . . . Fabricators . | . . . . . Repair Stations . | . . . . . Recycling Units 2 | . 2 . . . Tunnel 2 | . 2 . . . Scanalyzers . | . . . . . Garrison Access . | . . . . . Data Cores Recovered . | . . . . . Used . | . . . . . Hacking Detections 5 | . 5 . . . Full Trace Events . | . . . . . Feedback Events . | . . . . . Feedback Blocked . | . . . . . Robot Schematics Acquired . | . . . . . Robots Built . | . . . . . Authchips . | . . . . . Time . | . . . . . Total Robot Build Rating . | . . . . . Part Schematics Acquired . | . . . . . Parts Built . | . . . . . Authchips . | . . . . . Time . | . . . . . Total Part Build Rating . | . . . . . Part Studies Acquired . | . . . . . Parts Repaired . | . . . . . Time . | . . . . . Parts Recycled . | . . . . . Recycled Matter . | . . . . . Retrieved Matter 200 | . 200 . . . Retrieved Components . | . . . . . Parts Scanalyzed . | . . . . . Part Schematics Acquired . | . . . . . Parts Damaged . | . . . . . Bothacking | -11 -10 -10 -10 -9 ------------ Run | Yrd Mat Min Exi Min Used RIF Installer . | . . . . . Robots Hacked . | . . . . . Non-combat . | . . . . . Combat . | . . . . . Robot Hacks Applied . | . . . . . Relay Couplers Released . | . . . . . Fabnet Peak Effective % . | . . . . . Robots Rewired . | . . . . . Allies Hacked . | . . . . . Hacks Repelled . | . . . . . Allies | -11 -10 -10 -10 -9 -------- Run | Yrd Mat Min Exi Min Total Allies 1 | . . 1 . . Largest Group 1 | . . 1 . . Highest-Rated Group 31 | . . 31 . . Highest-Rated Ally 31 | . . 31 . . Total Orders . | . . . . . Ally Attacks 3 | . . 3 . . Total Damage 40 | . . 40 . . Kills . | . . . . . Allies Corrupted . | . . . . . Allies Melted . | . . . . . Intel | -11 -10 -10 -10 -9 ------- Run | Yrd Mat Min Exi Min Active Infowar (turns) 2289 | 54 941 683 611 . Seismic 2289 | 54 941 683 611 . Robot Analysis Total 2 | . 2 . . . Derelict Logs Recovered 2 | . . 1 . 1 Drone Launches . | . . . . . Drone Recoveries . | . . . . . Exploration | -11 -10 -10 -10 -9 ------------- Run | Yrd Mat Min Exi Min Turns Passed 3917 | 129 1587 739 619 843 Spaces Moved 1900 | 56 749 425 320 350 Core 10 | 10 . . . . Treads 1791 | 46 650 425 320 350 Legs . | . . . . . Wheels 99 | . 99 . . . Hover . | . . . . . Flight . | . . . . . Fastest Speed 50 | 50 110 160 160 240 Average Speed 182 | 152 168 160 190 240 Slowest Speed 240 | 160 240 160 240 240 Overloaded Moves . | . . . . . Propulsion Burnouts . | . . . . . Robots Hopped . | . . . . . Potential Cave-ins . | . . . . . Cave-ins Triggered . | . . . . . Exploration Rate (%) 60 | 4 92 62 69 73 Regions Visited 4 Branch Regions 3 Pre-discovered Areas 4 | . 2 1 1 . Known Exits Taken . | . . . . . Unknown Exits Taken 4 | 1 1 1 1 . Scrap Searched 2 | . . . . 2 Spaces Dug 15 | . 15 . . . Terrain Destroyed 131 | . 16 115 . . Melee 9 | . 9 . . . Projectile . | . . . . . AOE 122 | . 7 115 . . Terrain Rammed . | . . . . . Walls Destroyed . | . . . . . Machines Disabled . | . . . . . Actions | -11 -10 -10 -10 -9 --------- Run | Yrd Mat Min Exi Min Total 2155 | 79 937 454 332 353 Wait 42 | . 38 2 . 2 Move 1897 | 55 749 424 319 350 Hop . | . . . . . Pick Up 35 | 6 25 1 3 . Fast Attach 9 | 7 2 . . . Attach 5 | . 2 2 1 . Detach 1 | . . . 1 . Swap 35 | . 26 4 4 1 Drop 21 | 1 16 . 4 . Fire 67 | 10 36 21 . . Melee 43 | . 43 . . . Ram . | . . . . . Kick . | . . . . . Crush . | . . . . . Escape Stasis . | . . . . . Rewire . | . . . . . Trap . | . . . . . Miscellaneous . | . . . . . Route ------- -11/Scrapyard -10/Materials (discovered 4 exits: [*Mat x2] / [*Min] / [*Sub]) -10/Mines (discovered 3 exits: [*Mat] / *Exi / [*Sub]) -10/Exiles -9/Mines (discovered 1 exit: Mat) History --------- Turn | Location | Event 8 | -11/Scrapyard | Discovered new exit (range 16) 130 | -11/Scrapyard | Entered Materials 303 | -10/Materials | Build established: Mutant 586 | -10/Materials | Discovered new exit (range 14) 756 | -10/Materials | Discovered new exit (range 7) 894 | -10/Materials | Discovered new exit (range 14) 1193 | -10/Materials | Discovered new exit (range 15) 1717 | -10/Materials | Entered Mines 1766 | -10/Mines | YI-UF0 nonchalantly dropped a Grenade Launcher on the ground 1799 | -10/Mines | Discovered new exit (range 9) 1863 | -10/Mines | Discovered new exit (range 10) 2005 | -10/Mines | Assembled infested the area 2119 | -10/Mines | Received a Mining Laser from a helpful Derelict 2212 | -10/Mines | Core integrity fell below 50% 2225 | -10/Mines | System corruption reached 10% 2272 | -10/Mines | Core integrity fell below 20% 2300 | -10/Mines | Destroyed 9 combat bots 2344 | -10/Mines | Deemed a non-threat by the Exiles lab entrance 2346 | -10/Mines | Discovered new exit (range 5) 2378 | -10/Mines | Learned location of Zion (-6) 2456 | -10/Mines | Entered Exiles 2498 | -10/Exiles | Met 8R-AWN 2524 | -10/Exiles | Met EX-HEX 2582 | -10/Exiles | Met EX-BIN 2601 | -10/Exiles | Aligned with FarCom system 2602 | -10/Exiles | Given EX-Vault access code 2642 | -10/Exiles | Opened EX-Vault 2655 | -10/Exiles | Found YOLO Cannon 2659 | -10/Exiles | Found Skeleton Box 2666 | -10/Exiles | Found Field Lobotomy Kit 2697 | -10/Exiles | Warned to stay clear of 0b10 Research branches 2759 | -10/Exiles | Build established: Scavenger-Mutant 2822 | -10/Exiles | Met EX-DEC 3045 | -10/Exiles | Discovered new exit (range 14) 3075 | -10/Exiles | Stole three prototypes: Skeleton Box, YOLO Cannon, Field Lobotomy Kit 3075 | -10/Exiles | Entered Mines 3354 | -9/Mines | Build established: Mutant 3406 | -9/Mines | Identified exit to Materials 3529 | -9/Mines | Found a hidden stash of uninstalled traps 3918 | -9/Mines | Destroyed by S-10 Pest with Light Assault Rifle Last Messages --------------- 03648_ T-07 Excavator is excavating. 03649_ System corrupted: Matter fused (-8). 03651_ U-05 Engineer builds a Wall. 03652_ T-07 Excavator is excavating. 03655_ U-05 Engineer builds a Wall. 03657_ T-07 Excavator is excavating. 03659_ U-05 Engineer lays Concrete. 03661_ U-05 Engineer builds a Wall. 03675_ System corrupted: Heat flow error (+285). 03698_ System corrupted: Energy discharge (-77). 03720_ RLB|HH%L#< M ACTGXBMPHJB D 8FXW#QXD 03735_ System corrupted: Component data lost. 03755_ MY2E FBXFP/HN/ 03772_ System corrupted: Matter fused (-9). 03789_ System corrupted: Matter fused (-10). 03806_ System corrupted: Energy discharge (-72). 03824_ , YFSNK9QXPK TN:EJ GKOHA=R&